 Dungeon Crawl Stone Soup version 0.29.0-5-ge4962eb29e (webtiles) character file.

Game seed: 3920930166499449065

749 Zonian the Chiller (level 7, -3/46 HPs)
             Began as a Demonspawn Ice Elementalist on Aug 29, 2022.
             Was an Initiate of Dithmenos.
             Killed from afar by an orc wizard (6 damage)
             ... with a magic dart
             ... on level 6 of the Dungeon.
             The game lasted 00:18:51 (8090 turns).

Zonian the Chiller (Demonspawn Ice Elementalist)    Turns: 8090, Time: 00:18:52

Health: -3/46      AC:  9    Str:  8    XL:     7   Next: 48%
Magic:  12/12      EV: 13    Int: 17    God:    Dithmenos [......]
Gold:   255        SH:  0    Dex: 15    Spells: 6/13 levels left

rFire   . . .      SeeInvis .   s - +4 short sword
rCold   + . .      Faith    .   (no shield)
rNeg    + . .      Spirit   .   a - +0 robe
rPois   .          Reflect  .   (no helmet)
rElec   .          Harm     .   l - +0 cloak
rCorr   .          Rampage  .   (no gloves)
Will    .....                   (no boots)
Stlth   +.........              (no amulet)
HPRegen 0.15/turn               h - ring of protection from cold
MPRegen 0.13/turn               j - ring of positive energy

@: confused, sanguine armoured
A: claws 1, icemail 1, sanguine armour 1, condensation shield
a: Renounce Religion


You were on level 6 of the Dungeon.
You worshipped Dithmenos.
Dithmenos was noncommittal.
You visited 2 branches of the dungeon, and saw 7 of its levels.

You collected 255 gold pieces.

Inventory:

Hand Weapons
 d - a +0 short sword of freezing
 e - a +3 mace
 i - a +0 mace of protection
 o - a +0 dagger of draining
 s - a +4 short sword (weapon)
Missiles
 q - 4 poisoned darts
Armour
 a - a +0 robe (worn)
 l - a +0 cloak (worn)
Magical Staves
 p - a staff of cold
 r - a staff of death
Jewellery
 h - a ring of protection from cold (left claw)
 j - a ring of positive energy (right claw)
Wands
 f - a wand of mindburst (11)
 g - a wand of flame (11)
Scrolls
 m - a scroll of vulnerability {unknown}
 n - a scroll of teleportation
Potions
 b - a potion of magic
 c - a potion of brilliance


   Skills:
 - Level 2.8 Dodging
 - Level 3.7 Stealth
 - Level 3.6 Spellcasting
 + Level 6.9 Ice Magic


You had 6 spell levels left.
You knew the following spells:

 Your Spells              Type           Power      Damage    Failure   Level
a - Freeze                Ice            100%       1d11      1%          1
b - Frozen Ramparts       Ice            52%        1d8       3%          3
c - Ozocubu's Armour      Ice            26%        N/A       3%          3

Your spell library contained the following spells:

 Spells                   Type           Power      Damage    Failure   Level
 Beastly Appendage        Tmut           6%         N/A       17%         1
 Wereblood                Tmut           3%         N/A       26%         2
 Hailstorm                Conj/Ice       14%        3d5       36%         4
 Spider Form              Tmut/Pois      3%         N/A       45%         3
 Airstrike                Air            1%         2d(1-17)  86%         4
 Summon Lightning Spire   Summ/Air       3%         N/A       86%         4
 Lightning Bolt           Conj/Air       1%         1d12      99%         5
 Conjure Ball Lightning   Conj/Air       1%         3x3d6     100%        6
 Discord                  Hex            1%         N/A       100%        8
 Disjunction              Tloc           1%         N/A       100%        8


Dungeon Overview and Level Annotations

Branches:
Dungeon (6/15)             Temple (1/1) D:4

Altars:
Cheibriados
Dithmenos
Gozag
Kikubaaqudgha
Okawaru
Qazlal
Sif Muna
Trog
Wu Jian

Annotations:
D:4 Blork the orc


Innate Abilities, Weirdness & Mutations

You have sharp fingernails.
A meltable icy envelope protects you from harm. (AC +0)
When seriously injured, your blood forms armour. (AC +6)
A meltable shield of frost defends you. (SH +0)


Message History

You barely miss the orc wizard.
The orc wizard is lightly wounded.
You feel sick. Something hits you but does no damage.
The orc wizard completely misses you.
Unknown command.
You miss the orc wizard.
The orc wizard is lightly wounded.
You feel sick.
You hear some strange, mumbled words.
You are more confused.
The orc wizard hits you but does no damage.
Unknown command.
You closely miss the orc wizard.
The orc wizard is lightly wounded.
You feel sick. Something hits you but does no damage.
The orc wizard closely misses you.
You hear some strange, mumbled words.
A puff of flame appears from out of thin air!
The puff of flame hits you!
Your icy defenses dissipate!
* * * LOW HITPOINT WARNING * * *
The orc wizard completely misses you.
Unknown command.
You barely miss the orc wizard.
The orc wizard is lightly wounded.
You feel sick.
You are no longer poisoned.
The orc wizard barely misses you. Something barely misses you.
The orc shouts!
Unknown command.
You bump into the rock wall.
The orc wizard hits you but does no damage.
Something hits you but does no damage. The orc hits you with a +0 hand axe.
* * * LOW HITPOINT WARNING * * *
Unknown command.
You miss something.
You hear some strange, mumbled words.
A magic dart appears from out of thin air!
The magic dart hits you.
You die...

#.. #.# #.# #.# #.#
#### #.# ...
#.####.## #†ggo@{.#
.........###o......
.#.##.##.# ....#..
#. #.# ....# # #..
...... .... ..#####
.##o #.# . .. .#


You could see an orc wizard, 2 gnolls and an orc.

Vanquished Creatures
  Sigmund (D:5)
  A black bear (D:5)
  A bullfrog (D:6)
  3 hounds
  A gnoll bouda (D:6)
  2 orc wizards (D:5)
  5 gnolls
  8 adders
  An ufetubus (D:5)
  5 worms
  2 dart slugs
  10 orcs
  7 ball pythons
  8 bats
  8 endoplasms
  A giant cockroach (D:1)
  11 goblins
  5 hobgoblins
  8 quokkas
  2 frilled lizards (D:3)
  9 kobolds
  8 rats
107 creatures vanquished.

Vanquished Creatures (others)
  17 plants (D:4)
17 creatures vanquished.

Grand Total: 124 creatures vanquished

Notes
Turn   | Place    | Note
-------+----------+-------------------------------------------
     0 | D:1      | Zonian the Demonspawn Ice Elementalist began the quest for
                  | the Orb.
     0 | D:1      | Reached XP level 1. HP: 13/13 MP: 3/3
   350 | D:1      | Gained mutation: A meltable shield of frost defends you.
                  | (SH +0) [demonic ancestry]
   350 | D:1      | Reached XP level 2. HP: 19/19 MP: 0/5
  1193 | D:1      | Gained mutation: When seriously injured, your blood forms
                  | armour. (AC +6) [demonic ancestry]
  1193 | D:1      | Reached XP level 3. HP: 24/24 MP: 4/6
  1964 | D:2      | Reached skill level 4 in Ice Magic
  2540 | D:2      | Reached XP level 4. HP: 30/30 MP: 7/7
  2839 | D:3      | Found a stormy altar of Qazlal.
  4084 | D:3      | Found an ornate altar of the Wu Jian Council.
  4340 | D:4      | Found a staircase to the Ecumenical Temple.
  4368 | Temple   | Entered the Ecumenical Temple
  4506 | Temple   | Became a worshipper of Dithmenos the Shadowed
  4585 | D:4      | Noticed Blork the orc
  5038 | D:4      | Gained mutation: You have sharp fingernails. [demonic
                  | ancestry]
  5038 | D:4      | Reached XP level 5. HP: 32/35 MP: 5/9
  5227 | D:5      | Entered Level 5 of the Dungeon
  5266 | D:5      | Learned a level 3 spell: Frozen Ramparts
  5270 | D:5      | Learned a level 3 spell: Ozocubu's Armour
  5491 | D:5      | Found an opulent altar of Gozag.
  6314 | D:5      | Noticed Sigmund
  6607 | D:5      | Noticed a black bear
  6614 | D:5      | Killed a black bear
  6615 | D:5      | Reached XP level 6. HP: 16/41 MP: 7/11
  6853 | D:6      | Noticed an ice beast
  7294 | D:5      | Killed Sigmund
  7295 | D:5      | Reached skill level 5 in Ice Magic
  7295 | D:5      | Gained mutation: A meltable icy envelope protects you from
                  | harm. (AC +0) [demonic ancestry]
  7295 | D:5      | Reached XP level 7. HP: 35/46 MP: 12/12
  7678 | D:5      | Reached skill level 6 in Ice Magic
  8089 | D:6      | HP: 2/46 [orc/+0 hand axe (2)]
  8090 | D:6      | Killed from afar by an orc wizard

Illustrated notes

Levels and vault maps discovered:
D:1:      minmay_arrival_three_doors, layout_loops_ring
D:2:      layout_basic
D:3:      wad_river_or_something, layout_basic,
          mainiacjoe_overflow_small_starburst, nicolae_wu_jian_glorious_leap,
          nrook_mini_vaults, corexii_hall_statues_i
D:4:      layout_rooms, minmay_temple_entry_offerings, serial_bayou_lake_a,
          uniq_blork_the_orc
D:5:      layout_cave_pools, mainiacjoe_overflow_catwalk, uniq_sigmund
D:6:      layout_loops_cross, general_overflow_altar, ebering_ghost_inner_flame
Temple:   nicolae_temple_superstar

Skill      XL: |  1  2  3  4  5  6  7 |
---------------+----------------------+-----
Stealth        | 2 3 |  3.7
Dodging        | 2 |  2.8
Ice Magic      | 4 5 6 |  6.9
Spellcasting   | 3 |  3.6

Action                   |  1- 3 |  4- 6 |  7- 9 || total
-------------------------+-------+-------+-------++-------
Melee: Unarmed           |    15 |       |       ||    15
       Short sword       |    16 |   126 |    40 ||   182
       Punch             |     2 |     1 |       ||     3
       Mace              |    41 |     4 |       ||    45
 Cast: Freeze            |    49 |    21 |       ||    70
       Frozen Ramparts   |       |     2 |     3 ||     5
       Ozocubu's Armour  |       |     1 |       ||     1
Evoke: Wand              |       |    13 |       ||    13
  Use: Scroll            |       |    11 |       ||    11
       Potion            |       |     2 |     1 ||     3
 Stab: Sleeping          |     6 |     4 |       ||    10
Armor: Robe              |    20 |    42 |    29 ||    91
Dodge: Dodged            |    78 |    93 |    35 ||   206
Block: Other             |    17 |    24 |     7 ||    48
